 Dungeon Crawl Stone Soup version 0.31.0 (webtiles) character file.

Game seed: 12349907524003781743

11229 hihot the Gouger (level 11, -5/60 HPs)
             Began as a Felid Shapeshifter on Jan 19, 2024.
             Was a High Priest of the Shining One.
             Slain by a gnoll
             ... wielding a +0 halberd
             ... led by a gnoll sergeant
              (16 damage)
             ... on level 11 of the Dungeon.
             The game lasted 00:21:18 (11079 turns).

hihot the Gouger (Felid Shapeshifter)              Turns: 11079, Time: 00:21:19

Health: -5/60      AC:  2    Str: 16    XL:     11   Next: 46%
Magic:  12/12      EV: 20    Int: 15    God:    the Shining One [*****.]
Gold:   673        SH:  0    Dex: 19    Spells: 10/10 levels left
                                        Lives:  0   Deaths: 4

rFire   . .          .
                       - Unarmed
rCold   . . .        (shield unavailable)
rNeg    + + .        (body armour unavailable)
rPois   .            (helmet unavailable)
rElec   .            (cloak unavailable)
rCorr   .            (gloves unavailable)
SInv    +            (boots unavailable)
Will    ++...        (no amulet)
Stlth   +            D - ring of willpower
HPRegen 0.30/turn    p - +6 ring of strength
MPRegen 0.13/turn

%: no passive effects
@: beast-form, glowing
A: beast (slay +4), very small, claws 1, fangs 3, see invisible, shaggy fur 2,
stealthy paws, no weapons or thrown items, no armour, multi-lived
a: Begin Untransformation, Renounce Religion, Divine Shield, Cleansing Flame,
Summon Divine Warrior


You were on level 11 of the Dungeon.
You worshipped the Shining One.
The Shining One was extremely pleased with you.
You were a hulking beast.
You visited 1 branch of the dungeon, and saw 11 of its levels.
You also visited: Sewer and Bailey.

You collected 673 gold pieces.

Inventory:

Jewellery
 p - a +6 ring of strength (right paw)
 D - a ring of willpower (left paw)
Talismans
 b - a beast talisman (active)
 c - a flux talisman
 A - a serpent talisman
Wands
 n - a wand of paralysis (16)
 x - a wand of polymorph (4)
 z - a wand of iceblast (1)
 I - a wand of mindburst (9)
Scrolls
 f - 2 scrolls of torment {unknown}
 g - 2 scrolls of enchant armour {unknown}
 i - 3 scrolls of noise {unknown}
 k - 2 scrolls of poison
 m - 2 scrolls of immolation {unknown}
 o - 2 scrolls of amnesia
 q - a scroll of revelation {unknown}
 r - a scroll of silence {unknown}
 t - a scroll of teleportation
 v - a scroll of fear {unknown}
 y - 3 scrolls of fog
 B - 3 scrolls of vulnerability
 G - 3 scrolls of summoning {unknown}
Potions
 a - 4 potions of lignification
 d - 2 potions of brilliance
 e - 3 potions of cancellation
 h - a potion of ambrosia
 j - a potion of magic {unknown}
 l - a potion of might
 s - a potion of mutation
 u - a potion of invisibility
 C - a potion of enlightenment {unknown}
 F - a potion of curing {unknown}
 H - 2 potions of resistance


   Skills:
 + Level 7.9 Fighting
 - Level 5.4 Dodging
 - Level 2.5 Stealth
 * Level 11.7 Unarmed Combat
 + Level 2.4 Evocations
 * Level 9.9 Shapeshifting


You had 10 spell levels left.
You didn't know any spells.
Your spell library contained the following spells:

 Spells                   Type           Power      Damage    Failure   Level
 Freeze                   Ice            0%         1d3       26%         1
 Call Imp                 Summ           0%         N/A       38%         2
 Mercury Vapours          Alch/Air       0%         N/A       38%         2
 Static Discharge         Conj/Air       0%         3-3/arc   38%         2
 Sublimation of Blood     Necr           0%         N/A       38%         2
 Frozen Ramparts          Ice            0%         1d1       63%         3
 Hailstorm                Conj/Ice       0%         3d5       63%         3
 Mephitic Cloud           Conj/Alch/Air  0%         N/A       63%         3
 Airstrike                Air            0%         2d(0-16)  95%         4
 Summon Lightning Spire   Summ/Air       0%         N/A       95%         4
 Freezing Cloud           Conj/Ice/Air   0%         6-21      100%        5
 Summon Hydra             Summ           0%         N/A       100%        7


Dungeon Overview and Level Annotations

Branches:
Dungeon (11/15)            Temple (0/1) D:6            Lair (0/5) D:9
  Sewer (visited)          Bailey (visited)
    Orc: D:9-12

Altars:
Ashenzari
Dithmenos
Elyvilon
Hepliaklqana
Nemelex Xobeh
Qazlal
Sif Muna
Vehumet
Zin
The Shining One


Innate Abilities, Weirdness & Mutations

You are a hulking beast.
Your limbs bulge with bestial killing power. (Slay +4)
You have sharp claws.
You have razor-sharp teeth.
You have supernaturally acute eyesight. (SInv)
You are covered in thick fur. (AC +2)
Your paws help you pounce on unaware monsters.
You are incapable of wielding weapons or throwing items.
You cannot wear armour.
You gain extra lives every three experience levels.


Message History

You are too injured to fight recklessly!
Unknown command.
You are too injured to fight recklessly!
Unknown command.
You are too injured to fight recklessly!
You mangle the gnoll!!
You kill the gnoll!
You claw the gnoll!
You kill the gnoll!
The gnoll sergeant completely misses you.
The orc misses you. x2
You are too injured to fight recklessly!
You scratch the gnoll. You claw the gnoll!
You kill the gnoll!
The gnoll completely misses you. The orc closely misses you.
The gnoll sergeant barely misses you. The orc misses you. The gnoll misses you.
You are too injured to fight recklessly!
The gnoll closely misses you. The orc misses you.
The gnoll sergeant completely misses you.
The gnoll closely misses you.
Things that are here:
a +0 club; a +0 club You are too injured to fight recklessly!
You claw the gnoll sergeant! Your claw misses the gnoll sergeant.
The gnoll sergeant is moderately wounded.
The orc barely misses you.
The orc hits you from afar with a +0 trident.
The gnoll closely misses you.
The gnoll sergeant hits you with a +6 spear of flaming.
The gnoll sergeant burns you. The gnoll completely misses you.
You claw the gnoll sergeant!
You kill the gnoll sergeant!
The orc barely misses you.
The gnoll hits you from afar with a +0 spear.
The orc barely misses you. The gnoll completely misses you.
The orc attacks as it pursues you! The orc hits you with a +0 club.
The gnoll hits you from afar with a +0 spear!
* * * LOW HITPOINT WARNING * * *
The orc barely misses you. The gnoll hits you with a +0 halberd!
You die...

########.###
...........#
...........#
........>..#
...........####
......)........
......)....###..
.....o)o...#
.....g.hg..#
...........#
####..###### ##.
.. $.. ... ...


You could see 2 gnolls and 2 orcs.

Vanquished Creatures
  4 two-headed ogres
  Sonja (D:10)
  An ugly thing (D:11)
  A cyclops (D:11)
  An unseen horror (D:10)
  2 trolls
  Grinder (Sewer)
  Sigmund (D:2)
  A shadow (D:10)
  6 yaks (D:8)
  A vampire (D:9)
  2 wyverns
  3 steam dragons
  Duvessa (D:5)
  3 water moccasins
  3 orc warriors
  3 centaurs
  3 ogres
  A phantom (D:4)
  7 kobold brigands
  A necrophage (Sewer)
  2 gnoll sergeants
  2 scorpions
  A water moccasin zombie (D:4)
  20 wights
  Dowan (D:5)
  A howler monkey (D:3)
  2 centaur zombies (D:4)
  A bullfrog zombie (D:4)
  5 jellies
  4 bombardier beetles
  2 gnoll boudas (D:6)
  An orc priest (D:9)
  3 hounds
  4 iguanas
  Ijyb (D:3)
  A scorpion zombie (D:4)
  A sleepcap (D:6)
  Natasha (twice) (D:2)
  9 orc wizards
  2 hound zombies (D:4)
  A hound skeleton (D:4)
  A howler monkey zombie (D:4)
  20 gnolls
  5 adders
  A white imp (D:8)
  5 ufetubi (Sewer)
  2 adder zombies (D:4)
  2 dart slugs (D:4)
  3 ribbon worms
  23 orcs
  7 ball pythons
  2 bats
  A bat zombie (Sewer)
  4 endoplasms
  2 giant cockroaches
  9 goblins
  10 hobgoblins
  7 jackals
  43 kobolds
  3 quokkas
  A frilled lizard (D:1)
  4 kobold zombies (Sewer)
  A quokka zombie (D:4)
  2 rats (D:1)
271 creatures vanquished.

Vanquished Creatures (others)
  2 orcs (D:9)
2 creatures vanquished.

Grand Total: 273 creatures vanquished

Notes
Turn   | Place    | Note
-------+----------+-------------------------------------------
     0 | D:1      | hihot the Felid Shapeshifter began the quest for the Orb.
     0 | D:1      | Reached XP level 1. HP: 10/10 MP: 2/2
   128 | D:1      | Reached XP level 2. HP: 12/14 MP: 3/3
   294 | D:1      | Reached skill level 1 in Stealth
   423 | D:1      | Found a faded altar of an unknown god.
   466 | D:1      | Prayed at the altar of an unknown god.
   466 | D:1      | Became a worshipper of the Shining One
   466 | D:1      | Reached * piety under the Shining One
   671 | D:2      | Reached XP level 3. HP: 18/18 MP: 4/4
   682 | D:2      | Noticed Sigmund
   693 | D:2      | Killed Sigmund
   694 | D:2      | Reached skill level 4 in Unarmed Combat
   694 | D:2      | Reached XP level 4. HP: 14/23 MP: 5/5
   694 | D:2      | Gained a life (2 lives remaining)
   694 | D:2      | Reached XP level 5. HP: 16/26 MP: 6/6
  1054 | D:2      | Noticed Natasha
  1059 | D:2      | Killed Natasha
  1410 | D:2      | Noticed Natasha
  1419 | D:2      | Killed Natasha
  1715 | D:3      | Gained mutation: You are covered in thick fur. (AC +2)
                  | [Felid growth]
  1715 | D:3      | Reached XP level 6. HP: 30/30 MP: 7/7
  1757 | D:3      | Found a radiant altar of Vehumet.
  1840 | D:3      | Found a glowing silver altar of Zin.
  1841 | D:3      | Noticed Ijyb
  1842 | D:3      | Found a broken altar of Ashenzari.
  1854 | D:3      | Paralysed by Ijyb for 4 turns
  1865 | D:3      | Killed Ijyb
  1935 | D:3      | Found a stormy altar of Qazlal.
  2142 | D:3      | Found a glowing drain.
  2151 | Sewer    | Entered a sewer
  2200 | Sewer    | Reached ** piety under the Shining One
  2288 | Sewer    | Found an ancient bone altar of Kikubaaqudgha.
  2372 | Sewer    | Reached skill level 5 in Unarmed Combat
  2372 | Sewer    | Reached XP level 7. HP: 24/35 MP: 8/8
  2392 | Sewer    | Noticed Grinder
  2406 | Sewer    | Paralysed by Grinder for 5 turns
  2406 | Sewer    | HP: 1/35 [kobold/stone (2)]
  2407 | Sewer    | The Shining One protects you from harm!
  2407 | Sewer    | The Shining One protects you from harm!
  2408 | Sewer    | Slain by an ufetubus
  2408 | Sewer    | Lost a life (1 life remaining)
  2426 | Sewer    | Killed Grinder
  2427 | Sewer    | Reached skill level 5 in Dodging
  2922 | D:4      | Reached *** piety under the Shining One
  3049 | D:4      | Reached skill level 5 in Shapeshifting
  3165 | D:4      | Reached skill level 6 in Unarmed Combat
  3265 | D:4      | Reached XP level 8. HP: 37/40 MP: 9/9
  3265 | D:4      | Gained a life (2 lives remaining)
  4152 | D:5      | Entered Level 5 of the Dungeon
  4152 | D:5      | Noticed Duvessa
  4153 | D:5      | Noticed Dowan
  4156 | D:5      | Killed Duvessa
  4158 | D:5      | Reached skill level 7 in Unarmed Combat
  4171 | D:5      | Killed Dowan
  4236 | D:5      | Reached **** piety under the Shining One
  4649 | D:5      | Found a shimmering blue altar of Sif Muna.
  4708 | D:5      | Reached XP level 9. HP: 46/46 MP: 10/10
  5143 | D:6      | Reached skill level 5 in Fighting
  5143 | D:6      | Reached skill level 8 in Unarmed Combat
  5257 | D:6      | Found a staircase to the Ecumenical Temple.
  6499 | D:7      | Mangled by a wight
  6499 | D:7      | Lost a life (1 life remaining)
  6612 | D:7      | Found a white marble altar of Elyvilon.
  6741 | D:7      | Reached skill level 9 in Unarmed Combat
  7010 | D:7      | Found a sparkling altar of Nemelex Xobeh.
  7206 | D:8      | Noticed a two-headed ogre
  7209 | D:8      | HP: 1/48 [steam dragon/ball of steam (20)]
  7211 | D:8      | Engulfed by a cloud of steam
  7211 | D:8      | Lost a life (0 lives remaining)
  7212 | D:8      | Reached XP level 10. HP: 53/53 MP: 11/11
  7212 | D:8      | Gained a life (1 life remaining)
  7242 | D:8      | Killed a two-headed ogre
  8160 | D:8      | Reached ***** piety under the Shining One
  8181 | D:8      | Reached skill level 10 in Unarmed Combat
  8992 | D:9      | Found a staircase to the Lair.
  9013 | D:9      | HP: 4/82 [poisoned by a water moccasin]
  9017 | D:9      | HP: 1/82 [poisoned by a water moccasin]
  9955 | D:10     | Entered Level 10 of the Dungeon
 10025 | D:10     | Noticed a two-headed ogre
 10032 | D:10     | Killed a two-headed ogre
 10033 | D:10     | Reached skill level 11 in Unarmed Combat
 10033 | D:10     | Reached XP level 11. HP: 24/58 MP: 12/12
 10035 | D:10     | Noticed Sonja
 10039 | D:10     | Killed Sonja
 10252 | D:10     | Noticed a two-headed ogre
 10259 | D:10     | Killed a two-headed ogre
 10260 | D:10     | Reached skill level 1 in Evocations
 10372 | D:10     | Found a shadowy altar of Dithmenos.
 10456 | D:10     | Found a flagged portal.
 10465 | D:10     | Noticed a two-headed ogre
 10476 | D:10     | Mangled by a wyvern
 10476 | D:10     | Lost a life (0 lives remaining)
 10491 | D:10     | Killed a two-headed ogre
 10539 | D:10     | Identified the +6 hand axe of Unnofeut {heavy, *Noise rElec
                  | rPois Stlth+}
 10563 | Bailey   | Entered a bailey
 10568 | Bailey   | Noticed an orc warlord
 10903 | D:10     | Found a hazy altar of Hepliaklqana.
 11062 | D:11     | Noticed a cyan ugly thing
 11071 | D:11     | Killed a cyan ugly thing
 11079 | D:11     | Slain by a gnoll

Illustrated notes

Levels and vault maps discovered:
D:1:      minmay_arrival_radiant_lines, layout_loops_ring,
          basic_ecumenical_altar, hangedman_decor_push, minmay_pentomino_o2
D:2:      layout_basic, amcnicky_mini_pool_small, uniq_natasha, uniq_sigmund
D:3:      layout_loops_ring, mainiacjoe_overflow_small_starburst,
          grunt_temple_overflow_open, fiery_altar_vehumet, portal_sewer_entry_d,
          uniq_ijyb
D:4:      layout_cave_pods, serial_undead, serial_undead_b, serial_undead_d,
          serial_undead_d, serial_undead_d, st_stairs_11, skrybe_limestone_x,
          hangedman_decor_lopped, uniq_grinder
D:5:      minmay_spotlight, layout_cave_pools, mainiacjoe_overflow_alcove_2,
          uniq_duvessa
D:6:      layout_layer_cave, minmay_temple_entry_overgrown
D:7:      layout_basic, nemelex_dance_club_becter, kennysheep_mini_moat,
          reono_crystal_passage
D:8:      layout_gridville
D:9:      layout_roguey, dpeg_oklobed_lair
D:10:     layout_rooms, mainiacjoe_overflow_concentric_impassable,
          kennysheep_little_box, enter_bailey_2, uniq_sonja
D:11:     layout_roguey, orc_0_dummy, trove_entry_hex_spiral,
          nicolae_shop_distant_corner_stores

Skill      XL: |  1  2  3  4  5  6  7  8  9 10 11 |
---------------+----------------------------------+-----
Stealth        | 1 2 |  2.5
Dodging        | 3 4 5 |  5.4
Shapeshifting  | 3 4 5 6 7 9 |  9.9
Fighting       | 2 3 4 6 7 |  7.9
Unarmed Combat | 4 5 6 7 9 11 | 11.7
Evocations     | 2 |  2.4

Action                     |  1- 3 |  4- 6 |  7- 9 | 10-12 || total
---------------------------+-------+-------+-------+-------++-------
  Melee: Unarmed           |    51 |   108 |   321 |   229 ||   709
         Bite              |     4 |    14 |    69 |    28 ||   115
         Punch             |     1 |     3 |    26 |    12 ||    42
  Evoke: Wand              |       |       |    10 |    12 ||    22
    Use: Scroll            |       |     1 |     9 |     7 ||    17
         Potion            |       |       |     2 |     5 ||     7
   Stab: Sleeping          |     3 |       |       |       ||     3
 Armour: Skin              |    10 |    27 |   148 |   112 ||   297
  Dodge: Dodged            |    28 |    71 |   314 |   241 ||   654
   Form: Beast             |     1 |       |       |     2 ||     3
         Flux              |       |       |     1 |     1 ||     2
